 Dungeon Crawl Stone Soup version 0.18.1-5-g4a78601 (webtiles) character file.

217 Zhenya25pyc the Cudgeler (level 5, 0/34 HPs)
             Began as a Gargoyle Fighter on May 14, 2016.
             Slain by an orc (2 damage)
             ... on level 3 of the Dungeon.
             The game lasted 00:04:12 (2619 turns).

Zhenya25pyc the Cudgeler (Gargoyle Fighter)         Turns: 2619, Time: 00:04:13

Health: 0/34       AC: 11    Str: 20    XL:     5   Next: 94%
Magic:  5/5        EV:  7    Int:  9    God:
Gold:   75         SH:  9    Dex:  9    Spells: 0 memorised, 4 levels left

rFire  . . .     SeeInvis .     a - +0 flail
rCold  . . .     Gourm    .     b - +0 scale mail
rNeg   + . .     Faith    .     c - +0 shield
rPois  ∞         Spirit   .     (no helmet)
rElec  +         Dismiss  .     (no cloak)
rCorr  .         Reflect  .     (no gloves)
SustAt .         Harm     .     (no boots)
MR     .....     Rnd*Tele +     (no amulet)
Stlth  ..........               w - ring of loudness (curse)
                                q - ring of teleportation (curse)

@: not resistant to hostile enchantments, extremely unstealthy
A: negative energy resistance 1, electricity resistance, unbreathing,
petrification resistance, rot immunity, AC +4
a: no special abilities


You were on level 3 of the Dungeon.
You were not hungry.

You visited 1 branch of the dungeon, and saw 3 of its levels.

You collected 75 gold pieces.

Inventory:

Hand Weapons
 a - a +0 flail (weapon)
Armour
 b - a +0 scale mail (worn)
 c - a +0 shield (worn)
Jewellery
 q - a cursed ring of teleportation (left hand)
 w - a cursed ring of loudness (right hand)
Scrolls
 e - 2 scrolls of teleportation {unknown}
 h - a scroll of random uselessness {unknown}
 j - 6 scrolls of identify {unknown}
 m - 3 scrolls of remove curse {unknown}
 n - a scroll of recharging {unknown}
 o - a scroll of fear {unknown}
 p - a scroll of noise {unknown}
 r - a scroll of amnesia {unknown}
 t - a scroll of enchant armour {unknown}
 v - a scroll of enchant weapon {unknown}
Potions
 d - a potion of might
 g - a potion of brilliance {unknown}
 i - a potion of ambrosia {unknown}
 k - 2 potions of flight {unknown}
 l - a potion of lignification {unknown}
 s - 2 potions of heal wounds {unknown}
 u - a potion of haste {unknown}
Comestibles
 f - 4 bread rations
 x - 4 chunks of flesh


   Skills:
 + Level 4.3 Fighting
 * Level 4.6 Maces & Flails
 + Level 4.3 Armour
 - Level 3.2 Shields


You had 4 spell levels left.
You didn't know any spells.

Dungeon Overview and Level Annotations

Branches:
Dungeon (3/15)

Altars:
Ru


Innate Abilities, Weirdness & Mutations

You are resistant to torment.
Your stone body is resilient (AC +4).
You are immune to poison.
You resist negative energy.
You are resistant to electric shocks.
You can survive without breathing.
You are immune to petrification.
You are immune to rotting.


Message History

You block the bat's attack. The orc hits you.
* * * LOW HITPOINT WARNING * * *
The bat hits you but does no damage.
The giant newt bites you but does no damage.
The orc hits you but does no damage. You block the orc's attack.
The orc hits you from afar with a trident.
* * * LOW HITPOINT WARNING * * *
The orc hits you with a falchion of venom.
* * * LOW HITPOINT WARNING * * *
You are too injured to fight recklessly!
You are too injured to fight recklessly!
You are too injured to fight recklessly!
You are too injured to fight recklessly!
Unknown command.
You are too injured to fight recklessly!
You are too injured to fight recklessly!
You are too injured to fight recklessly!
You are too injured to fight recklessly!
The bat hits you but does no damage. The orc hits you.
You die...

......##.....
............
..........####
#............
#.........
#..o...#####
#...oo##....
##.b†.o.#.^..
#...l@o.$#.##
...!.......#
...........#
......##..##
......#..##
..........
#.........
##.........


You could see 5 orcs, a bat and a giant newt.

Vanquished Creatures
  3 orc wizards
  5 adders
  2 worms (D:2)
  4 dart slugs
  2 giant geckos (D:1)
  3 orcs (D:3)
  2 giant cockroaches
  12 goblins
  9 hobgoblins
  9 jackals
  5 kobolds (D:1)
  A ball python (D:2)
  7 bats
  2 giant newts (D:2)
  2 rats
68 creatures vanquished.

Notes
Turn   | Place    | Note
--------------------------------------------------------------
     0 | D:1      | Zhenya25pyc the Gargoyle Fighter began the quest for the Orb.
     0 | D:1      | Reached XP level 1. HP: 14/14 MP: 1/1
    82 | D:1      | Reached XP level 2. HP: 18/19 MP: 2/2
   511 | D:1      | Reached XP level 3. HP: 20/23 MP: 3/3
  1270 | D:2      | Reached XP level 4. HP: 29/29 MP: 4/4
  1477 | D:2      | Found a sacrificial altar of Ru.
  2276 | D:2      | Reached XP level 5. HP: 30/33 MP: 5/5
  2619 | D:3      | Slain by an orc

Skill      XL: |  1  2  3  4  5 |
---------------+----------------+-----
Maces & Flails | 3 4 |  4.6
Fighting       | 4 |  4.3
Armour         | 4 |  4.3
Shields        | |  3.2

Action                   |  1- 3 |  4- 6 || total
-------------------------+-------+-------++-------
Melee: Flail             |   143 |   158 ||   301
 Stab: Invisible         |       |     1 ||     1
       Paralysed         |       |     1 ||     1
  Eat: Chunk             |     1 |     5 ||     6
Armor: Scale mail        |    94 |   127 ||   221
Dodge: Dodged            |    59 |    56 ||   115
Block: Shield            |    92 |    79 ||   171
